 Dungeon Crawl Stone Soup version 0.27.1-33-g824d729ab1 (webtiles) character file.

Game seed: 16227159554623247722

115 Thatpatchoflichen the Ducker (level 4, -2/35 HPs)
             Began as a Demonspawn Gladiator on Dec 15, 2021.
             Was an Initiate of Uskayaw.
             Slain by an ice beast (11 damage)
             ... on level 3 of the Dungeon.
             The game lasted 00:05:56 (2398 turns).

Thatpatchoflichen the Ducker (Demonspawn Gladiator) Turns: 2398, Time: 00:05:57

Health: -2/35      AC:  5    Str: 14    XL:     4   Next: 68%
Magic:  1/4        EV: 13    Int: 10    God:    Uskayaw [......]
Gold:   67         SH:  0    Dex: 15    Spells: 3/3 levels left

rFire    + . .     SeeInvis .   a - +0 quarterstaff
rCold    . . .     Faith    +   (shield currently unavailable)
rNeg     . . .     Spirit   .   f - +1 leather armour {rF+}
rPois    .         Reflect  .   c - +0 helmet
rElec    .         Harm     .   (no cloak)
rCorr    .         Rampage  .   (no gloves)
Will     .....                  (no boots)
Stlth    +.........             n - amulet of faith
HPRegen  0.11/turn              (no ring)
MPRegen  0.09/turn              (no ring)

@: no status effects
A: talons 1, powered by death 1
a: Renounce Religion


You were on level 3 of the Dungeon.
You worshipped Uskayaw.
Uskayaw was noncommittal.
You visited 1 branch of the dungeon, and saw 3 of its levels.

You collected 67 gold pieces.

Inventory:

Hand Weapons
 a - a +0 quarterstaff (weapon)
Missiles
 d - 3 throwing nets (quivered)
 e - 42 poisoned darts
 l - 6 silver javelins
 o - 37 bolts
Armour
 c - a +0 helmet (worn)
 f - a +1 leather armour of fire resistance (worn)
Jewellery
 b - a ring of fire
 n - an amulet of faith (around neck)
 r - an amulet of magic regeneration
Scrolls
 i - a scroll of teleportation {unknown}
 m - a scroll of fear {unknown}
 p - 2 scrolls of identify {unknown}
 q - a scroll of vulnerability {unknown}
Potions
 g - a potion of cancellation {unknown}
 h - a potion of curing {unknown}
 j - 2 potions of magic {unknown}
 k - a potion of haste {unknown}


   Skills:
 + Level 3.1 Fighting
 - Level 3.0 Staves
 - Level 1.7 Throwing
 + Level 2.0 Armour
 + Level 3.5 Dodging


You had 3 spell levels left.
You didn't know any spells.
Your spell library was empty.

Dungeon Overview and Level Annotations

Branches:
Dungeon (3/15)

Altars:
Uskayaw


Innate Abilities, Weirdness & Mutations

You have sharp toenails.
You regenerate a little health from kills.


Message History

The adder bites you but does no damage. x2
You hit the adder.
You kill the adder!
Okay, then.
Found a metallic ruby potion.
There is an escape hatch in the ceiling here.
A mysterious force pulls you upwards. The hatch slams shut behind you.
HP restored.
There is an escape hatch in the floor here.
You slide downwards.
The hatch slams shut behind you.
An ice beast comes into view.
You can't go down here!
A kobold comes into view. It is wielding a +0 short sword.
The ice beast barely misses you.
You hit the ice beast.
You claw the ice beast, but do no damage.
The ice beast is moderately wounded.
The ice beast hits you. The ice beast freezes you.
You closely miss the ice beast.
You claw the ice beast, but do no damage.
The ice beast is moderately wounded.
The ice beast completely misses you.
You barely miss the ice beast. Your kick misses the ice beast.
The ice beast is moderately wounded.
The ice beast hits you but does no damage. x2
You closely miss the ice beast. Your kick misses the ice beast.
The ice beast is moderately wounded.
The ice beast hits you but does no damage.
The ice beast hits you but does no damage.
The ice beast hits you. The ice beast freezes you!
You stomp with the beat, sending a shockwave through the revellers around you!
The ice beast is heavily wounded.
You can no longer stomp with the beat.
The ice beast closely misses you.
You closely miss the ice beast. Your kick misses the ice beast.
The ice beast is heavily wounded.
The ice beast hits you.
* * * LOW HITPOINT WARNING * * *
The ice beast freezes you!
You die...

#.# .# ..# #.. .. ..# #.# .# #.#
#.# .# #.########.# .#
#....K.....# ##### .# #.#
######.# #...# ##### .#####.#
#.....Y#####...# #....
..†....###.####.@.......#####.###
>######....####.##.........##.#
.# ##.....##.............)...# .#
#.......#.###..........#### .#
##.........# #............#
..........<.#.###..##...##.#.#
#####....<.##......##...##.#.#
#.#....####.##.##..###.# #
#.##.#.# #.##.##..# #.#


You could see an ice beast.

Vanquished Creatures
  A hound (D:2)
  3 adders
  3 worms
  3 dart slugs
  3 bats
  4 endoplasms
  4 giant cockroaches
  2 hobgoblins
  2 jackals (D:1)
  A quokka (D:1)
  6 ball pythons
  A frilled lizard (D:2)
  4 goblins
  3 kobolds
  3 rats
43 creatures vanquished.

Notes
Turn   | Place    | Note
-------+----------+-------------------------------------------
     0 | D:1      | Thatpatchoflichen the Demonspawn Gladiator began the quest
                  | for the Orb.
     0 | D:1      | Reached XP level 1. HP: 16/16 MP: 1/1
   309 | D:1      | Gained mutation: You regenerate a little health from kills.
                  | [demonic ancestry]
   309 | D:1      | Reached XP level 2. HP: 14/22 MP: 2/2
   696 | D:1      | Reached skill level 1 in Armour
   887 | D:2      | Reached XP level 3. HP: 16/28 MP: 3/3
  2065 | D:2      | Gained mutation: You have sharp toenails. [demonic
                  | ancestry]
  2065 | D:2      | Reached XP level 4. HP: 28/34 MP: 4/4
  2076 | D:3      | Found a faded altar of an unknown god.
  2187 | D:3      | Found a hide-covered altar of Uskayaw.
  2202 | D:3      | Became a worshipper of Uskayaw the Reveller
  2259 | D:3      | Reached * piety under Uskayaw
  2296 | D:3      | Reached ** piety under Uskayaw
  2385 | D:3      | Noticed an ice beast
  2398 | D:3      | Slain by an ice beast

Illustrated notes

Levels and vault maps discovered:
D:1:      minmay_arrival_semitransparent, layout_rooms
D:2:      layout_basic, hangedman_abyss_or_decor_stabs
D:3:      layout_loops_ring, mainiacjoe_overflow_surrounded_room,
          dreamdust_ecumenical_altar_grove

Skill      XL: |  1  2  3  4 |
---------------+-------------+-----
Armour         | 1 2 |  2.0
Dodging        | 3 |  3.5
Staves         | 3 |  3.0
Fighting       | 3 |  3.1
Throwing       | |  1.7

Action                   |  1- 3 |  4- 6 || total
-------------------------+-------+-------++-------
Melee: Quarterstaff      |   109 |    27 ||   136
       Kick              |       |    10 ||    10
Invok: Stomp             |       |     1 ||     1
Armor: Leather armour    |    56 |    14 ||    70
Dodge: Dodged            |   103 |    16 ||   119
